 Dungeon Crawl Stone Soup version 0.22-a0-402-ga933591 (webtiles) character file.

21 mortelune the Conjurer (level 2, -6/15 HPs)
             Began as a Deep Elf Conjurer on May 6, 2018.
             Killed by divine providence
             ... invoked by an orc priest
              (13 damage)
             ... on level 1 of the Dungeon.
             The game lasted 00:01:58 (976 turns).

mortelune the Conjurer (Deep Elf Conjurer)           Turns: 976, Time: 00:01:59

Health: -6/15      AC:  2    Str:  5    XL:     2   Next: 62%
Magic:  5/8        EV: 13    Int: 19    God:
Gold:   36         SH:  0    Dex: 15    Spells: 4/7 levels left

rFire    . . .     SeeInvis .   e - +0 spear
rCold    . . .     Gourm    .   (no shield)
rNeg     . . .     Faith    .   a - +0 robe
rPois    .         Spirit   .   (no helmet)
rElec    .         Reflect  .   (no cloak)
rCorr    .         Harm     .   (no gloves)
MR       .....                  (no boots)
Stlth    ++........             (no amulet)
HPRegen  0.05/turn              (no ring)
MPRegen  0.11/turn              (no ring)

@: no status effects
A: no striking features
a: no special abilities


You were on level 1 of the Dungeon.
You were not hungry.

You visited 1 branch of the dungeon, and saw 2 of its levels.

You collected 36 gold pieces.

Inventory:

Hand Weapons
 e - a +0 spear (weapon)
Armour
 a - a +0 robe (worn)
Scrolls
 b - 2 scrolls of identify {unknown}
 d - a scroll of teleportation {unknown}
 f - a scroll of amnesia {unknown}
 i - 2 scrolls of fog {unknown}
Potions
 g - a potion of cancellation {unknown}
Comestibles
 c - 2 rations


   Skills:
 + Level 2.8 Dodging
 - Level 2.4 Stealth
 + Level 3.4 Spellcasting
 * Level 4.9 Conjurations


You had 4 spell levels left.
You knew the following spells:

 Your Spells              Type           Power        Failure   Level  Hunger
a - Magic Dart            Conj           ###.         1%          1    None
b - Searing Ray           Conj           ###...       3%          2    ##.....


Dungeon Overview and Level Annotations

Branches:
Dungeon (2/15)

Altars:


Message History

There is a stone staircase leading up here.
The orc priest mumbles some strange prayers to Beogh against you.
Pain shoots through your body!
You climb upwards.
There is a stone staircase leading down here.
Casting: Magic Dart (safe; 1% risk of failure)
Confirm with . or Enter, or press ? or * to list all spells.
Aiming: Searing Ray (safe; 3% risk of failure)
Press: ? - help, Shift-Dir - straight line, f - orc priest
Aim: an orc priest, wielding a club and wearing a leather armour The searing ray hits the orc priest.
The orc priest is moderately wounded. (Press . to maintain the ray.)
The orc priest looks satisfied for a moment.
The searing ray hits the orc priest.
The orc priest is severely wounded.
The orc priest invokes the aid of Beogh against you.
Beogh smites you!
Ouch! That really hurt!
You die...

.# #..###### #.# #.# #.## .#
#......[# #.# #.# #.## .##
#..####.# #.# #.####.#. ..##
#..####.###.# #........
...#######......##.# ######.#.
...#.....#..(......# #.##
...'.....#......#### #.##
#.##.....######.## #.##
#.####'#### ##..@#############...
...##.....###...o.##.............
...##......[.........############
#.####'######.....#### #...
#.##.....# ##...## #.##
...'..<..# ##..# #.#
...#.....#######.# #.#
...#######....##.# #.# #.## #.#
####.##.# #.#


You could see an orc priest.

Vanquished Creatures
  A leopard gecko (D:1)
  3 bats (D:1)
  A giant cockroach (D:1)
  3 goblins (D:1)
  4 hobgoblins (D:1)
  3 frilled lizards (D:1)
  4 rats (D:1)
19 creatures vanquished.

Notes
Turn   | Place    | Note
-------+----------+-------------------------------------------
     0 | D:1      | mortelune the Deep Elf Conjurer began the quest for the Orb.
     0 | D:1      | Reached XP level 1. HP: 10/10 MP: 6/6
   315 | D:1      | Reached XP level 2. HP: 15/15 MP: 6/8
   319 | D:1      | Learned a level 2 spell: Searing Ray
   976 | D:1      | Killed from afar by an orc priest

Vault maps used:
D:1:      dpeg_arrival_houses_and_road
D:2:      serial_forest, infiniplex_forest_lined_corner,
          infiniplex_forest_zigzag_1, infiniplex_forest_diagonal,
          infiniplex_forest_diagonal, infiniplex_forest_fountain,
          infiniplex_forest_lined_3_way, st_stairs_12, fedhas_altar_3

Action                   || total
-------------------------++-------
 Cast: Magic Dart        ||    32
       Searing Ray       ||     2
Armor: Robe              ||     1
Dodge: Dodged            ||     5

Table legend:
 A = Spawn XP
 B = Non-spawn XP
 C = Spawn XP percentage of total XP
 D = Spawn monster count
 E = Non-spawn monster count
 F = Spawn count percentage of total count
 G = Total turns spent on level
                    A         B        C        D         E        F      G
               +---------+---------+-------+---------+---------+-------+---------
         Total |       0 |      30 |   0.0 |       0 |      19 |   0.0 |   976
               +---------+---------+-------+---------+---------+-------+---------
           D:1 |       0 |      30 |   0.0 |       0 |      19 |   0.0 |   971
               +---------+---------+-------+---------+---------+-------+---------
